 Dungeon Crawl Stone Soup version 0.29.0-15-g675c0067aa (webtiles) character file.

Game seed: 4731507405777750492

0 freelancePsychic the Sneak (level 1, -2/19 HPs)
             Began as a Meteoran Delver on Sept 11, 2022.
             Slain by an ufetubus (3 damage)
             ... on level 5 of the Dungeon.
             The game lasted 00:00:16 (28 turns).

freelancePsychic the Sneak (Meteoran Delver)          Turns: 28, Time: 00:00:17

Health: -2/19      AC:  3    Str: 13    XL:     1   Next: 0%
Magic:  2/2        EV: 12    Int: 11    God:
Gold:   0          SH:  0    Dex: 15    Spells: 0/0 levels left

rFire   . . .      SeeInvis .   a - +0 falchion
rCold   . . .      Faith    .   (no shield)
rNeg    . . .      Spirit   .   b - +0 leather armour
rPois   .          Reflect  .   (no helmet)
rElec   .          Harm     .   (no cloak)
rCorr   .          Rampage  .   (no gloves)
Will    .....                   (no boots)
Stlth   +.........              (no amulet)
HPRegen 0.06/turn               (no ring)
MPRegen 0.08/turn               (no ring)

@: hasted, glowing, very quick
A: sense surroundings 1, otherworldly, glowing, explore regen
a: no special abilities


You were on level 5 of the Dungeon.
You visited 1 branch of the dungeon, and saw 1 of its levels.

Inventory:

Hand Weapons
 a - a +0 falchion (weapon)
Armour
 b - a +0 leather armour (worn)
Wands
 g - a wand of digging (3)
Scrolls
 c - a scroll of fog
 e - a scroll of fear


   Skills:
 + Level 3.2 Fighting
 + Level 2.4 Long Blades
 + Level 2.4 Dodging
 + Level 3.7 Stealth


You couldn't memorise any spells.
You didn't know any spells.
Your spell library was empty.

Dungeon Overview and Level Annotations

Branches:
Dungeon (5/15) Zot: 570    Temple (0/1) D:5

Altars:


Innate Abilities, Weirdness & Mutations

You passively map a small area around you.
You are easily found by Zot.
You glow in the dark.
You regain HP and MP as you explore.


Message History

Anything else - Cancel.
Okay, then.
As you read the scroll of magic mapping, it crumbles to dust.
You feel aware of your surroundings.
(D) Dungeon (T) Temple
Where to? (? - help)
Okay, then.
(D) Dungeon (T) Temple
Where to? (? - help) Sorry, I don't know how to get there.
Found a short sword.
Found a stone.
You see here a +0 short sword.
Found a coppery potion.
Found 13 gold pieces.
An ufetubus comes into view.
The ufetubus shouts!
You hear an angry hiss.
You see here a coppery potion.
You see here 13 gold pieces.
Found a scale mail.
The ufetubus barely misses you. The ufetubus hits you.
The ufetubus closely misses you. x2
You hit the ufetubus but do no damage. The ufetubus hits you.
The ufetubus hits you but does no damage.
You closely miss the ufetubus. The ufetubus completely misses you.
The ufetubus hits you but does no damage.
An adder comes into view.
The ufetubus hits you. The ufetubus closely misses you.
You miss the ufetubus. The ufetubus hits you. The ufetubus misses you.
The ufetubus barely misses you. The ufetubus hits you.
You miss the ufetubus. The ufetubus hits you.
* * * LOW HITPOINT WARNING * * *
The ufetubus barely misses you.
The ufetubus hits you but does no damage.
The ufetubus hits you.
* * * LOW HITPOINT WARNING * * *
You closely miss the ufetubus.
The ufetubus hits you but does no damage. x2
The ufetubus misses you. The ufetubus barely misses you.
You feel yourself speed up. The ufetubus hits you.
You die...

#.......)......
##.......####..
##.##(........
****###########..##...#####.
*,,,............####### *.
*,,8..8.S8..8...# *.
*,,,............# *.
*>,,............# *,
*,,,[.....5@.!..# *,
*,,8..8..8..8$..# *,
*,,,............# **
****#############


You could see an adder and an ufetubus.

Vanquished Creatures (others)
  3 fungi (D:5)
3 creatures vanquished.

Notes
Turn   | Place    | Note
-------+----------+-------------------------------------------
     0 | D:5      | freelancePsychic the Meteoran Delver began the quest for
                  | the Orb.
     0 | D:5      | Reached XP level 1. HP: 19/19 MP: 2/2
    28 | D:5      | Slain by an ufetubus

Illustrated notes

Levels and vault maps discovered:
D:5:      layout_loops_ring, temple_hall, minmay_gold_behind_fungi,
          due_unseen_surprise

Action                   || total
-------------------------++-------
Melee: Falchion          ||     5
  Use: Scroll            ||     1
       Potion            ||     1
Armor: Leather armour    ||     5
Dodge: Dodged            ||    10
